 Dungeon Crawl Stone Soup version 0.32-a0-673-g3729bd50f8 (webtiles) character file.

Game seed: 186181766163075937

2478 dolemite99 the Firebug (level 9, -5/63 HPs)
             Began as a Demonspawn Monk on Mar 10, 2024.
             Was a Priest of Vehumet.
             Slain by an elephant zombie (13 damage)
             ... on level 6 of the Dungeon.
             The game lasted 00:10:10 (11192 turns).

dolemite99 the Firebug (Demonspawn Monk)           Turns: 11192, Time: 00:10:10

Health: -5/63      AC:  2    Str: 11    XL:     9   Next: 27%
Magic:  3/13       EV: 18    Int: 12    God:    Vehumet [***...]
Gold:   173        SH:  0    Dex: 19    Spells: 9/14 levels left

rFire   + . .        B - +3 rapier (elec)
rCold   . . .        d - orb {light}
rNeg    . . .        E - +0 robe
rPois   .            t - +0 hat
rElec   .            (no cloak)
rCorr   .            (no gloves)
SInv    .            (no boots)
Will    .....        (no amulet)
Stlth   +            j - +5 ring of evasion
HPRegen 0.30/turn    C - ring of protection from fire
MPRegen 0.13/turn

%: no passive effects
@: mighty, hasted, glowing, very quick
A: hooves 2, horns 2, foul stench 2
a: Renounce Religion


You were on level 6 of the Dungeon.
You worshipped Vehumet.
Vehumet was most pleased with you.
You visited 1 branch of the dungeon, and saw 6 of its levels.
You also visited: Sewer.

You collected 296 gold pieces.
You spent 123 gold pieces at shops.

Inventory:

Hand Weapons
 a - a +3 dagger of venom
 r - a +0 falchion
 v - a +0 orcbow
 A - a +3 spear of freezing
 B - a +3 rapier of electrocution (weapon)
Missiles
 k - 2 boomerangs (quivered)
 F - 2 poisoned darts
Armour
 d - an orb of light (worn)
 t - a +0 hat (worn)
 E - a +0 robe (worn)
Magical Staves
 b - a staff of cold
Jewellery
 j - a +5 ring of evasion (left hand)
 n - a ring of protection from cold
 C - a ring of protection from fire (right hand)
 D - a +6 ring of intelligence
Wands
 H - a wand of iceblast (10)
 J - a wand of polymorph (14)
Scrolls
 f - 2 scrolls of poison
 i - a scroll of noise
 l - a scroll of fear {unknown}
 m - a scroll of brand weapon {unknown}
 w - a scroll of blinking {unknown}
 x - a scroll of revelation {unknown}
 z - 3 scrolls of identify {@r1}
 I - a scroll of amnesia {unknown}
Potions
 c - a potion of ambrosia
 e - a potion of heal wounds {unknown}
 g - a potion of attraction
 o - a potion of cancellation {unknown}
 p - a potion of might
 q - a potion of mutation {unknown}
 s - 2 potions of haste
 u - a potion of invisibility {unknown}


   Skills:
 - Level 3.0 Fighting
 - Level 3.7(5.0) Short Blades
 - Level 5.1(5.7) Long Blades
 - Level 2.6 Dodging
 - Level 3.0 Spellcasting
 - Level 7.1 Fire Magic
 + Level 5.6 Ice Magic


You had 9 spell levels left.
You knew the following spells:

 Your Spells              Type           Power      Damage    Failure   Level
a - Scorch                Fire           36%        2d6       1%          2
b - Frozen Ramparts       Ice            30%        1d5       2%          3

Your spell library contained the following spells:

 Spells                   Type           Power      Damage    Failure   Level
 Dazzling Flash           Conj/Hex       2%         N/A       19%         3
 Metabolic Englaciation   Hex/Ice        4%         N/A       91%         5
 Leda's Liquefaction      Alch/Erth      0%         N/A       94%         4
 Petrify                  Alch/Erth      1%         N/A       94%         4


Dungeon Overview and Level Annotations

Branches:
Dungeon (6/15)             Temple (0/1) D:4           Sewer (visited)

Altars:
Vehumet
Yredelemnul

Shops:
D:5 *

Annotations:
D:4 Pikel
D:5 exclusion: upstairs, Menkaure


Innate Abilities, Weirdness & Mutations

You have hoof-like feet.
You have a pair of horns on your head.
You sometimes emit foul miasma when damaged in melee.


Message History

You hit the scorpion zombie.
The scorpion zombie is heavily damaged.
The scorpion zombie completely resists.
The wall freezes the scorpion zombie but does no damage.
The scorpion zombie completely misses you.
The elephant zombie completely resists.
The wall freezes the elephant zombie but does no damage.
You hit the scorpion zombie.
Lightning courses through the scorpion zombie!
The scorpion zombie is almost destroyed.
The frozen ramparts melt away.
The scorpion zombie hits you.
You puncture the scorpion zombie!
You destroy the scorpion zombie!
Vehumet accepts your kill.
You hit the elephant zombie but do no damage.
You kick the elephant zombie.
The elephant zombie is lightly damaged.
The elephant zombie completely misses you. x2
You hit the elephant zombie but do no damage.
You kick the elephant zombie.
The elephant zombie is lightly damaged.
The elephant zombie tramples you!
* * * LOW HITPOINT WARNING * * *
You stumble backwards!
As you read the scroll labelled TOUMIA NEESA, it crumbles to dust.
It is a scroll of enchant weapon.
Your +2 rapier of electrocution glows red for a moment.
The elephant zombie tramples you!
* * * LOW HITPOINT WARNING * * *
You hold your ground!
The elephant zombie trunk-slaps you.
* * * LOW HITPOINT WARNING * * *
You emit a cloud of foul miasma!
It was a potion of might.
You feel very mighty all of a sudden.
It was a potion of haste.
You feel yourself speed up.
The elephant zombie completely misses you.
The elephant zombie barely misses you.
Okay, then.
The elephant zombie tramples you!
You die...

...............#...........##.
...............#........##.##.
#########'###.............###.##
#.........# #.#####.......# #..#
#.#########...............# #.##
#...# ...#.#.#..###......####.#
###.# ....#.#.#..#######.....##.
#.# ....# #.#.................
###.##....# #.#@############....
#.........#.#.#.ZZ.# #......
#.#......##.#.####.# #......
#.##.......§#§.§Z§§# #.....>
#..........§§§Z§§§§#######.....#
#.........####'######....#......
#.........#?.....)# #....#......
#.........##.....## #....#####..
#..........##...#####....#...#..


You could see 2 elephant zombies.

Vanquished Creatures
  A steam dragon (D:6)
  3 water moccasins
  An ice beast (D:5)
  A sky beast (D:6)
  2 black bears
  A centaur (D:4)
  2 lemures (D:5)
  2 phantoms
  A kobold brigand (Sewer)
  An elf zombie (D:6)
  A bullfrog (D:5)
  3 scorpions
  3 wights (D:4)
  A bombardier beetle (D:5)
  2 centaur zombies (D:6)
  An orc priest (D:4)
  2 hounds (D:6)
  3 jellies
  A gnoll bouda (D:5)
  An orc wizard (D:5)
  3 sleepcaps
  Natasha (thrice) (D:4)
  An iguana (D:4)
  3 scorpion zombies (D:6)
  An ogre zombie (D:6)
  A hound zombie (D:6)
  8 gnolls
  2 howler monkey zombies (D:6)
  5 adders
  2 white imps (D:6)
  2 ufetubi (D:5)
  3 adder zombies (D:6)
  4 ribbon worms
  2 dart slugs
  10 orcs
  4 endoplasms
  6 giant cockroaches
  7 goblins
  11 hobgoblins
  4 jackals (D:2)
  2 quokkas (D:2)
  11 ball pythons
  6 bats
  3 frilled lizards
  5 kobolds
  4 rats
146 creatures vanquished.

Notes
Turn   | Place    | Note
-------+----------+-------------------------------------------
     0 | D:1      | dolemite99 the Demonspawn Monk began the quest for the Orb.
     0 | D:1      | Reached XP level 1. HP: 18/18 MP: 1/1
   149 | D:1      | Discovered your monstrous ancestry.
   149 | D:1      | Gained mutation: You have a pair of small horns on your
                  | head. [demonic ancestry]
   149 | D:1      | Reached XP level 2. HP: 24/24 MP: 2/2
   594 | D:1      | Gained mutation: You have a pair of horns on your head.
                  | [demonic ancestry]
   594 | D:1      | Reached XP level 3. HP: 26/29 MP: 3/3
  1632 | D:3      | Found a radiant altar of Vehumet.
  1653 | D:3      | Became a worshipper of Vehumet
  1653 | D:3      | Reached * piety under Vehumet
  1653 | D:3      | Offered knowledge of Sandblast by Vehumet.
  1653 | D:3      | Reached ** piety under Vehumet
  1909 | D:3      | Offered knowledge of Scorch by Vehumet.
  1960 | D:3      | Learned a level 2 spell: Scorch
  1998 | D:3      | Reached XP level 4. HP: 35/35 MP: 4/4
  2878 | D:2      | Reached skill level 5 in Long Blades
  3357 | D:4      | You fall into a shaft and drop 1 floor!
  3357 | D:5      | Entered Level 5 of the Dungeon
  3389 | D:5      | Gained mutation: You have large cloven feet. [demonic
                  | ancestry]
  3389 | D:5      | Reached XP level 5. HP: 30/41 MP: 5/5
  3443 | D:5      | Reached skill level 1 in Short Blades
  3443 | D:5      | Reached skill level 1 in Fire Magic
  3476 | D:5      | Found Usosaege's General Store.
  3481 | D:5      | Bought a wand of mindburst (8) for 123 gold pieces
  3516 | D:5      | Noticed a water moccasin
  3522 | D:5      | Killed a water moccasin
  3523 | D:5      | Reached skill level 2 in Fire Magic
  3523 | D:5      | Gained mutation: You have hoof-like feet. [demonic
                  | ancestry]
  3523 | D:5      | Reached XP level 6. HP: 36/47 MP: 6/6
  3645 | D:5      | Found a glowing drain.
  3935 | D:5      | Offered knowledge of Momentum Strike by Vehumet.
  3968 | Sewer    | Entered a sewer
  3989 | Sewer    | Reached skill level 3 in Fire Magic
  4381 | D:4      | Gained mutation: You may rarely emit foul miasma when
                  | damaged in melee. [demonic ancestry]
  4381 | D:4      | Reached XP level 7. HP: 37/52 MP: 3/7
  4696 | D:4      | Reached skill level 4 in Fire Magic
  4746 | D:4      | Reached *** piety under Vehumet
  4949 | D:4      | Noticed Natasha
  4954 | D:4      | Killed Natasha
  5033 | D:4      | Noticed Natasha
  5041 | D:4      | Killed Natasha
  5091 | D:4      | Noticed Natasha
  5102 | D:4      | Killed Natasha
  5329 | D:4      | Reached skill level 5 in Fire Magic
  5659 | D:4      | Noticed Menkaure
  5659 | D:4      | Noticed Pikel
  5712 | D:4      | Found a staircase to the Ecumenical Temple.
  5868 | D:5      | Reached XP level 8. HP: 50/58 MP: 2/9
  6092 | D:5      | Reached skill level 1 in Spellcasting
  6585 | D:5      | Reached skill level 6 in Fire Magic
  7332 | D:5      | Reached skill level 7 in Fire Magic
  7465 | D:5      | Learned a level 3 spell: Frozen Ramparts
  8567 | D:5      | Found Usosaege's General Store.
  9151 | D:6      | Reached skill level 1 in Ice Magic
  9445 | D:6      | Identified the +0 chain mail "Miwip" {Dex+4}
 10071 | D:6      | Gained mutation: You sometimes emit foul miasma when
                  | damaged in melee. [demonic ancestry]
 10071 | D:6      | Reached XP level 9. HP: 53/63 MP: 7/13
 11125 | D:6      | Found a basalt altar of Yredelemnul.
 11152 | D:6      | Reached skill level 5 in Ice Magic
 11183 | D:6      | Offered knowledge of Dazzling Flash by Vehumet.
 11192 | D:6      | Slain by an elephant zombie

Illustrated notes

Levels and vault maps discovered:
D:1:      saegor_arrival_simple_d, layout_loops_ring, minmay_misc_feat_ornament
D:2:      layout_loops_ring, minmay_pentomino_o4
D:3:      layout_basic, mainiacjoe_overflow_tiny_flanked
D:4:      layout_rooms, nicolae_overflow_hidden_temple,
          minmay_temple_entry_poolview, minmay_stone_trees_small,
          minmay_quadrilaterals, uniq_natasha, uniq_menkaure, uniq_pikel
D:5:      layout_basic, serial_shops, nicolae_shop_just_a_little_nook,
          cheibrodos_sewer_entry_drain, kennysheep_generic_room_12
D:6:      hellmonk_ruined_rings, layout_basic, kennysheep_little_box,
          roadster_capsule_ark_zombie

Skill      XL: |  1  2  3  4  5  6  7  8  9 |
---------------+----------------------------+-----
Long Blades    | 3 4 5 |  5.1
Short Blades   | 2 3 |  3.7
Fire Magic     | 2 3 5 7 |  7.1
Spellcasting   | 3 |  3.0
Ice Magic      | 3 5 |  5.6
Fighting       | |  3.0
Dodging        | |  2.6

Action                     |  1- 3 |  4- 6 |  7- 9 || total
---------------------------+-------+-------+-------++-------
  Melee: Falchion          |    86 |    43 |       ||   129
         Headbutt          |    16 |    25 |    21 ||    62
         Dagger            |       |    71 |    36 ||   107
         Kick              |       |    25 |    24 ||    49
         Rapier            |       |       |    26 ||    26
         Staff             |       |       |     5 ||     5
  Throw: Boomerang         |       |    14 |     1 ||    15
   Cast: Scorch            |       |     3 |    91 ||    94
         Frozen Ramparts   |       |       |    13 ||    13
  Evoke: Wand              |       |     5 |    25 ||    30
    Use: Scroll            |     2 |     1 |     2 ||     5
         Potion            |       |     1 |     2 ||     3
 Armour: Robe              |    35 |    46 |   123 ||   204
  Dodge: Dodged            |    49 |   127 |   243 ||   419

Table legend: (Time is in decaauts)
 A = Elapsed time spent in this place.
 B = Non-inter-level travel time spent in this place.
 C = Inter-level travel time spent in this place.
 D = Time resting spent in this place.
 E = Time spent auto-exploring this place.
 F = Levels seen in this place.
 G = Mean time per level.
                   A        B        C        D        E       F      G
               +--------+--------+--------+--------+--------+-----+--------+
         Total |  11195 |  10966 |    229 |   5888 |   3681 |   7 | 1599.3 |
       Dungeon |  11159 |  10930 |    229 |   5884 |   3679 |   6 | 1859.8 |
         Sewer |     35 |     35 |      0 |      4 |      2 |   1 |   35.0 |
               +--------+--------+--------+--------+--------+-----+--------+

Top non-repeatable levels by time:
     D:5: 3768 daAuts
     D:4: 2128 daAuts
     D:6: 2067 daAuts
     D:3: 1531 daAuts
     D:2: 851 daAuts
     D:1: 813 daAuts
   Sewer: 35 daAuts
